General information
			
			
        
        - name: BNet
 
        - type: Ladder 1vs1/FFA
 
        - host: Battle.net
 
        - saver: Mr.Wookums
 
        
map: EchoIsles 
        - players: 2
 
        - length: 13:47
 
        - speed: Fast
 - version: 1.22 W3XP
 - replay type:  Public
 
» download(45 KB)
Players
        team 1 (winner) 
              
              
Mr.Wookums (
blue | 102 APM | 1402 actions | 13:47)
              
 5 Archmage 
 3 Summon Water Elemental
 2 Brilliance Aura
 1 Mountain King 
 1 Storm Bolt
 
                » actions 
                
                | Assign group hotkey | 37 |  | 
| Basic commands | 34 |  | 
| Build / train | 54 |  | 
| Enter build submenu | 15 |  | 
| Enter hero's abilities submenu | 6 |  | 
| Right click | 828 |  | 
| Select / deselect | 277 |  | 
| Select group hotkey | 58 |  | 
| Use ability | 93 |  | 
                1402 total
 » units 
                
                | Peasant | 10 |  | 
| Footman | 16 |  | 
| Sorceress | 1 |  | 
| Spell Breaker | 2 |  | 
                29 total
 » upgrades
                » buildings
                
                | Altar of Kings | 1 |  | 
| Barracks | 1 |  | 
| Farm | 8 |  | 
| Scout Tower | 4 |  | 
| Arcane Tower | 1 |  | 
| Arcane Vault | 2 |  | 
| Keep | 1 |  | 
| Lumber Mill | 1 |  | 
| Guard Tower | 2 |  | 
| Arcane Sanctum | 3 |  | 
                24 total
 » build order
                00:09 Altar of Kings
00:22 Barracks
00:38 Farm
01:29 Farm
02:04 Farm
02:14 Scout Tower
03:35 Arcane Tower
03:59 Farm
04:04 Arcane Vault
05:10 Keep
05:22 Arcane Vault
06:01 Farm
06:01 Farm
06:02 Farm
07:41 Lumber Mill
08:31 Guard Tower
08:35 Scout Tower
08:35 Scout Tower
08:36 Scout Tower
09:07 Guard Tower
09:59 Arcane Sanctum
10:00 Arcane Sanctum
10:00 Arcane Sanctum
11:48 Farm
» items
                
                | Scroll of Regeneration | 3 |  | 
| Lesser Clarity Potion | 3 |  | 
| Ivory Tower | 5 |  | 
| Potion of Healing | 1 |  | 
                12 total
  
               team 2 (loser) 
              
              
» 
Edminster (
teal | 49 APM | 666 actions | 13:43)
              
 4 Archmage 
 2 Summon Water Elemental
 2 Brilliance Aura
 2 Paladin 
 1 Holy Light
 1 Devotion Aura
 
                » actions 
                
                | Assign group hotkey | 16 |  | 
| Build / train | 42 |  | 
| Enter build submenu | 11 |  | 
| Enter hero's abilities submenu | 6 |  | 
| Right click | 232 |  | 
| Select / deselect | 171 |  | 
| Select group hotkey | 145 |  | 
| Use ability | 43 |  | 
                666 total
 » units 
                » upgrades
                
                | Gunpowder | 1 |  | 
| Armor | 1 |  | 
| Long Rifles | 1 |  | 
                3 total
 » buildings
                
                | Altar of Kings | 1 |  | 
| Barracks | 1 |  | 
| Farm | 7 |  | 
| Blacksmith | 1 |  | 
| Arcane Vault | 1 |  | 
| Keep | 1 |  | 
                12 total
 » build order
                00:10 Altar of Kings
00:23 Barracks
00:39 Farm
01:20 Blacksmith
01:38 Farm
02:29 Arcane Vault
02:50 Farm
03:45 Farm
04:28 Farm
05:31 Keep
06:46 Farm
08:02 Farm
» items
                 
                Chat log
          
(11:59 / All) Edminster: u have a special style
(12:01 / All) Edminster: :)
(12:10 / All) Mr.Wookums: thanks?
(12:16 / All) Edminster: its good
(13:32 / All) Edminster: gg
(13:34 / All) Edminster: ur good
(13:34 / All) Mr.Wookums: gg